AoeStats
← old f1sh

Fortress

509354047Analyzed
4v4 RM · 7d ago on Sep 26, 2026· 46m 42s· 8 players
Game mode
Random Map
Map size
Huge
Population
200
Speed
Normal
Resources
Standard
Victory
Conquest
Starting age
Dark Age
Ending age
Imperial Age
RankedLock teamsTeams togetherTeam positionsShared explorationLock speedFull tech treeHidden civsTurbo modeCheats
Victory
Defeat
🇫🇷 Mongols · France
1484
+16
🇧🇷 Italians · Brazil
1466
+17
🇮🇳 Poles · India
1447
+17
🇧🇷 Khmer · Brazil
1433
+18
🇨🇳 Japanese · China
1562
-21
🇨🇳 Varangians · China
1455
-16
🇨🇳 Britons · China
1453
-16
🇮🇳 Burmese · India
1442
-15
PedrodeMatos
7:44 Feudal Age
8:44 Horse Collar
11:30 Castle Age
13:15 Double-Bit Axe
14:11 Bow Saw
14:33 Loom
16:45 Wheelbarrow
18:13 Fletching
18:45 Padded Archer Armor
19:26 Bodkin Arrow
31:28 Crossbowman
34:01 Guard Tower
34:56 Ballistics
34:47 Masonry
38:33 Imperial Age
36:53 Thumb Ring
37:47 Leather Archer Armor
39:18 Bracer
40:25 Chemistry
38:58 Arbalester
40:51 Ring Archer Armor
41:37 Conscription
Ringss12x
7:16 Feudal Age
10:22 Castle Age
8:27 Double-Bit Axe
8:48 Horse Collar
10:32 Wheelbarrow
11:19 Bow Saw
15:12 Town Watch
18:34 Hand Cart
19:47 Stone Mining
21:09 Gold Mining
21:45 Loom
27:37 Imperial Age
25:47 Scale Barding Armor
26:51 Bloodlines
26:42 Husbandry
27:43 Gold Shaft Mining
27:43 Stone Shaft Mining
27:10 Heavy Plow
27:51 Chain Barding Armor
27:45 Elite Ballista Elephant
29:04 Conscription
29:48 Chemistry
29:09 Ballistics
29:24 Double Crossbow
30:45 Siege Engineers
31:27 Plate Barding Armor
berber.sinan
6:58 Feudal Age
8:38 Double-Bit Axe
11:32 Castle Age
9:17 Horse Collar
12:32 Bow Saw
14:16 Heavy Plow
14:21 Loom
19:58 Gold Mining
20:52 Wheelbarrow
20:03 Town Watch
21:00 Gold Mining
21:54 Stone Mining
22:23 Hand Cart
26:47 Imperial Age
25:42 Gold Shaft Mining
25:36 Fletching
25:46 Padded Archer Armor
27:08 Bodkin Arrow
27:30 Fortified Wall
28:35 Chemistry
27:54 Leather Archer Armor
27:04 Elite Mangudai
28:06 Bloodlines
27:57 Husbandry
28:27 Ballistics
29:08 Chemistry
28:41 Conscription
28:31 Bracer
28:46 Leather Archer Armor
30:22 Capped Ram
31:34 Siege Ram
32:24 Siege Engineers
34:54 Drill
35:51 Thumb Ring
36:15 Parthian Tactics
37:19 Leather Archer Armor
36:51 Onager
38:51 Siege Onager
NUR
7:17 Feudal Age
12:09 Castle Age
10:32 Horse Collar
11:11 Double-Bit Axe
13:04 Wheelbarrow
13:17 Heavy Plow
18:46 Bow Saw
20:18 Forging
20:14 Scale Barding Armor
20:54 Bloodlines
22:07 Iron Casting
23:36 Husbandry
24:27 Loom
24:57 Hand Cart
24:28 Town Watch
25:36 Scale Barding Armor
29:39 Imperial Age
28:17 Stone Mining
28:17 Gold Mining
28:06 Light Cavalry
28:54 Szlachta Privileges
29:37 Chain Barding Armor
30:06 Coinage
30:34 Stone Shaft Mining
29:51 Cavalier
32:08 Blast Furnace
31:06 Fletching
30:54 Winged Hussar
32:59 Conscription
33:25 Crop Rotation
33:53 Banking
33:21 Bodkin Arrow
34:53 Lechitic Legacy
36:49 Town Patrol
37:53 Chemistry
37:04 Masonry
36:34 Treadmill Crane
36:50 Murder Holes
41:00 Siege Engineers
41:18 Ballistics
41:19 Bombard Tower
41:05 Siege Engineers
41:10 Bracer
41:13 Scale Mail Armor
45:04 Padded Archer Armor
45:16 Fortified Wall
old f1sh
8:19 Feudal Age
8:59 Double-Bit Axe
8:55 Horse Collar
11:59 Castle Age
11:35 Gold Mining
13:13 Bow Saw
15:10 Wheelbarrow
17:29 Scale Mail Armor
18:58 Chain Mail Armor
23:03 Loom
24:20 Heavy Plow
26:05 Hand Cart
27:25 Town Watch
31:36 Imperial Age
29:19 Fletching
29:45 Squires
29:32 Gambesons
29:36 Pikeman
30:12 Arson
31:44 Halberdier
32:58 Plate Mail Armor
33:23 Forging
35:08 Iron Casting
36:22 Siege Engineers
36:29 Masonry
37:07 Bodkin Arrow
38:13 Blast Furnace
36:49 Man-at-Arms
40:30 Town Patrol
42:25 Two-Man Saw
42:24 Yasama
43:56 Long Swordsman
45:38 Heavy Cavalry Archer
46:43 Parthian Tactics
46:19 Padded Archer Armor
46:15 Bodkin Arrow
V我50%匡扶汉室
8:30 Feudal Age
12:28 Castle Age
10:28 Double-Bit Axe
10:30 Horse Collar
18:11 Bow Saw
19:26 Crossbowman
21:52 Gold Mining
26:13 Imperial Age
23:50 Fletching
24:03 Padded Archer Armor
24:53 Bodkin Arrow
26:33 Leather Archer Armor
26:15 Arbalester
27:09 Bracer
28:40 Yeomen
27:57 Pikeman
29:03 Conscription
29:50 Ring Archer Armor
33:01 Pikeman
37:17 Fortified Wall
涅槃重生
8:13 Feudal Age
11:56 Castle Age
10:17 Double-Bit Axe
10:16 Horse Collar
11:27 Gold Mining
14:10 Bow Saw
15:07 Loom
28:40 Imperial Age
26:49 Heavy Plow
27:01 Stone Mining
27:55 Wheelbarrow
28:05 Forging
27:56 Scale Mail Armor
28:13 Town Watch
29:00 Bloodlines
28:51 Husbandry
29:02 Husbandry
30:02 Chain Mail Armor
29:55 Scale Barding Armor
30:26 Iron Casting
30:24 Conscription
31:05 Stone Shaft Mining
31:19 Conscription
30:53 Elite Jarl
33:42 Chain Barding Armor
34:23 Blast Furnace
33:32 Capped Ram
35:23 Chain Mail Armor
35:46 Plate Barding Armor
35:51 Siege Ram
43:07 Hand Cart
43:57 Onager
46:32 Vendel Legacy
46:33 Gothikon
Theoden_King
7:10 Feudal Age
11:20 Castle Age
9:31 Horse Collar
15:17 Loom
17:50 Wheelbarrow
22:11 Hand Cart
23:02 Heavy Plow
26:05 Imperial Age
24:15 Manipur Cavalry
24:37 Scale Barding Armor
24:43 Forging
27:10 Chain Barding Armor
27:26 Iron Casting
27:20 Conscription
27:01 Howdah
26:37 Elite Battle Elephant
27:28 Bloodlines
27:19 Husbandry
29:26 Crop Rotation
29:38 Plate Barding Armor
31:31 Blast Furnace
30:57 Gold Mining
33:08 Gold Shaft Mining
32:59 Fletching
33:10 Padded Archer Armor
34:08 Treadmill Crane
34:34 Siege Engineers
34:40 Masonry
34:28 Bodkin Arrow
36:45 Bracer
37:07 Ballistics
37:48 Chemistry
36:20 Elite Skirmisher
38:11 Architecture
Connection lost

Rejoining the realm…

Still unreachable

The connection could not be restored.

Session expired

The server has moved on; the page needs a fresh start.